 Dungeon Crawl Stone Soup version 0.29.1-12-g30fa7ad0bf (webtiles) character file.

Game seed: 17955916254131225651

106834 WillGOAT the Severer (level 15, -6/143 HPs)
             Began as a Minotaur Berserker on Jan 3, 2023.
             Was a High Priest of Trog.
             Mangled by a five-headed hydra (9 damage)
             ... called by a spriggan druid
             ... on level 4 of the Swamp on Jan 4, 2023.
             The game lasted 01:44:28 (29005 turns).

WillGOAT the Severer (Minotaur Berserker)          Turns: 29005, Time: 01:44:29

Health: -6/143     AC: 30    Str: 29    XL:     15   Next: 98%
Magic:  14/14      EV: 12    Int:  4    God:    Trog [*****.]
Gold:   1534       SH:  0    Dex: 10    Spells: 14/14 levels left

rFire   + + .      SeeInvis .   s - +1 broad axe (vorpal) {eyo}
rCold   . . .      Faith    .   (no shield)
rNeg    . . .      Spirit   .   r - +5 plate armour {ponderous}
rPois   .          Reflect  .   (helmet unavailable)
rElec   .          Harm     .   g - +2 cloak
rCorr   .          Rampage  .   J - +1 pair of gloves
Will    +....      Rage     3%  K - +0 pair of boots
Stlth   ..........              V - amulet of regeneration
HPRegen 1.13/turn               U - ring of protection from fire
MPRegen 0.14/turn               S - ring of Eternal Harmony {Fly Stlth+}

@: on berserk cooldown, flying, slowed, very slow
A: horns 3, retaliatory headbutt, berserk 1, fire resistance 1
a: Renounce Religion, Berserk, Trog's Hand, Brothers in Arms


You were on level 4 of the Swamp.
You worshipped Trog.
Trog was extremely pleased with you.
You visited 3 branches of the dungeon, and saw 24 of its levels.

You collected 1534 gold pieces.

Inventory:

Hand Weapons
 s - a +1 vorpal broad axe (weapon) {eyo}
 A - a +8 war axe of freezing
 X - the +10 long sword of Quick Death {freeze, Str+6 Stlth+}
   (You found it on level 13 of the Dungeon)

   It freezes those it strikes, dealing additional cold damage.
   It can also slow down cold-blooded creatures.
   Str:       It affects your strength (+6).
   Stlth:     It makes you more stealthy.
Missiles
 o - 31 poisoned darts
Armour
 g - a +2 cloak (worn)
 r - a +5 plate armour of ponderousness (worn)
 J - a +1 pair of gloves (worn)
 K - a +0 pair of boots (worn)
Jewellery
 d - a +6 ring of intelligence
 L - a ring of ice
 S - the ring of Eternal Harmony (right hand) {Fly Stlth+}
   (You found it on level 4 of the Lair of Beasts)

   [ring of flight]

   Fly:       It grants you flight.
   Stlth:     It makes you more stealthy.
 U - a ring of protection from fire (left hand)
 V - an amulet of regeneration (around neck)
Wands
 b - a wand of acid (12)
 t - a wand of roots (9)
 E - a wand of flame (28) (quivered)
 I - a wand of paralysis (21)
Scrolls
 c - 5 scrolls of fear
 e - 12 scrolls of identify
 i - a scroll of enchant weapon
 j - a scroll of immolation
 m - 11 scrolls of teleportation
 n - 6 scrolls of magic mapping
 q - a scroll of brand weapon {unknown}
 v - 6 scrolls of poison
 y - 3 scrolls of summoning
 G - 2 scrolls of vulnerability
 R - a scroll of torment
Potions
 a - a potion of invisibility
 f - 6 potions of flight
 h - a potion of magic
 k - 4 potions of brilliance
 p - 4 potions of might
 u - 5 potions of curing
 w - 6 potions of attraction
 z - a potion of degeneration
 B - 2 potions of cancellation
 C - 2 potions of haste
 M - a potion of ambrosia


   Skills:
 + Level 15.8 Fighting
 * Level 9.1 Long Blades
 - Level 18.0 Axes
 + Level 11.1 Throwing
 + Level 15.9 Armour
 + Level 12.3 Dodging


You had 14 spell levels left.
You didn't know any spells.
Your spell library was empty.

Dungeon Overview and Level Annotations

Branches:
Dungeon (15/15)            Temple (0/1) D:5            Lair (5/5) D:9
  Swamp (4/4) Lair:2        Snake (0/4) Lair:3        Slime (0/5) Lair:5
 Vaults (0/5) D:13         Depths (0/4) D:15
    Orc: D:9-12

Altars:
Ashenzari
Cheibriados
Gozag
Kikubaaqudgha
Nemelex Xobeh
Qazlal
Uskayaw
Vehumet
The Shining One

Shops:
D:2 [   D:14 **

Annotations:
D:6 .


Innate Abilities, Weirdness & Mutations

You have a pair of large horns on your head.
You reflexively headbutt those who attack you in melee.
You sometimes lose your temper in combat.
Your flesh is heat resistant. (rF+)


Message History

The spriggan druid attacks as you move away!
The spriggan druid barely misses you.
The spriggan rider hits you but does no damage.
The swamp worm bites you! The five-headed hydra bites you.
The five-headed hydra bites you but does no damage. x3
The five-headed hydra closely misses you.
The bunyip claws you!
* * * LOW HITPOINT WARNING * * *
The bunyip misses you.
The bunyip claws you but does no damage.
You feel better.
The swamp worm bites you but does no damage.
The spriggan druid mumbles some strange words.
The forest starts to sway and rumble!
The spriggan rider hits you but does no damage.
The five-headed hydra bites you but does no damage.
The five-headed hydra bites you!
* * * LOW HITPOINT WARNING * * *
The five-headed hydra bites you but does no damage.
The five-headed hydra bites you.
* * * LOW HITPOINT WARNING * * *
The five-headed hydra barely misses you.
The swamp worm barely misses you.
The spriggan rider hits you from afar with a +0 spear!
* * * LOW HITPOINT WARNING * * *
Okay, then.
Your two-headed ogre goes berserk!
You are hit by a branch!
* * * LOW HITPOINT WARNING * * *
The five-headed hydra bites you but does no damage.
The five-headed hydra bites you.
* * * LOW HITPOINT WARNING * * *
The five-headed hydra barely misses you.
The five-headed hydra bites you but does no damage.
The five-headed hydra barely misses you.
The swamp worm bites you but does no damage.
The spriggan rider hits you but does no damage.
The spriggan druid casts a spell.
The spriggan druid is healed somewhat.
The five-headed hydra bites you!
You die...

#♣.~~~~ ~~~
#♣♣♣~~~~~♣♣.~§~
♣~~.~~~...♣~.§~
.~.$~§.~~~..~.~
~~~~~~~.♣.~~~~....
..♣..~ ♣.~~...♣♣♣♣
~.~♣~.♣♣.~DiO.♣♣♣♣
~~..~....DwD..~.~♣
~~.~~~~..ix@~....♣
....~~...t♣.~~...♣
♣♣....~~.♣♣♣~~..♣
♣~~~~~~♣♣ ~~.♣♣
♣.~~~..~♣ ~~♣
...~......~♣♣♣♣~♣♣♣♣
~~..~~~~.~§~♣~~§~~~♣
~~..§~~..~~~~~~~~~.♣
..~~^..~.~~i~~~~~~.♣


You could see a bunyip, an alligator (swift), a ten-headed hydra, 2 five-headed
hydras, a spriggan rider (ally target), a spriggan druid, a swamp worm and a
friendly two-headed ogre (summoned, berserk).

Vanquished Creatures
  A thorn hunter (Swamp:1)
  2 bunyips (Swamp:4)
  A dire elephant (Lair:5)
  Snorg (Lair:3)
  An ettin (D:15)
  Josephine (D:14)
  The ghost of BillyBaka the Cleaver, a journeyman MiGl of Gozag (Lair:1)
  5 boulder beetles
  7 hydras
  4 centaur warriors
  A spriggan air mage (Swamp:2)
  4 vault guards
  7 ghost crabs
  A two-headed ogre (D:10)
  5 catoblepae
  A death knight (D:15)
  6 alligators
  A deep troll shaman (Lair:5)
  3 tengu warriors (D:15)
  The ghost of hawla the Thaumaturge, a novice MeFE (D:9)
  8 death yaks
  3 spriggans
  A sixfirhy (D:8)
  A deep troll (shapeshifter) (D:15)
  2 deep trolls (D:15)
  4 goliath frogs
  A skeletal warrior (D:15)
  5 swamp dragons
  3 bog bodies
  2 necromancers (D:15)
  A phantasmal warrior (D:15)
  4 spriggan druids
  A harpy (shapeshifter) (D:13)
  An orc knight (D:15)
  5 ugly things
  3 deep elf pyromancers
  3 cyclopes
  4 will-o-the-wisps
  A manticore (D:12)
  19 elephants
  2 black mambas
  3 apocalypse crabs (Swamp:2)
  2 unseen horrors
  3 gargoyles
  18 cane toads
  4 freezing wraiths
  3 rime drakes
  2 efreet
  14 komodo dragons
  A tengu conjurer (D:13)
  4 polar bears
  A troll (shapeshifter) (D:15)
  A wind drake (shapeshifter) (D:13)
  Grinder (D:3)
  7 tyrant leeches
  4 trolls
  3 hornets
  A dream sheep (Lair:4)
  7 slime creatures (D:13)
  2 shadows
  6 wraiths
  A fire elemental (D:14)
  2 basilisks
  5 wyverns
  42 yaks
  A fire bat (Swamp:4)
  3 steam dragons
  8 vampire mosquitoes
  A naga (Lair:3)
  22 water moccasins
  10 swamp worms
  2 orc warriors
  2 sky beasts
  2 ice beasts
  5 swamp drakes
  5 black bears
  3 ogres
  3 boggarts (D:13)
  3 centaurs
  14 wolves
  2 phantoms
  16 bullfrogs
  A gnoll sergeant (D:10)
  3 necrophages
  4 scorpions
  7 wights
  6 killer bees
  9 howler monkeys
  6 electric eels
  3 hounds
  A jelly (D:6)
  4 orc priests
  A gnoll bouda (D:6)
  2 lightning spires (Swamp:2)
  5 iguanas
  2 orc wizards
  13 gnolls
  16 adders
  3 shadow imps
  A white imp (D:8)
  An ufetubus (D:4)
  5 worms
  3 dart slugs
  16 orcs
  9 ball pythons
  7 endoplasms
  6 giant cockroaches
  9 goblins
  11 hobgoblins
  8 jackals (D:4)
  9 kobolds
  A quokka (D:3)
  4 bats
  3 frilled lizards
  6 rats
  5 briar patches (Swamp:1)
  A butterfly (Lair:5)
558 creatures vanquished.

Vanquished Creatures (collateral kills)
  An eleionoma (Swamp:3)
  A ghost crab (Swamp:2)
  A death yak (Lair:1)
3 creatures vanquished.

Vanquished Creatures (others)
  A centaur warrior (D:13)
  2 spriggan druids (Swamp:2)
  3 bloated husks
  A water moccasin (D:9)
  2 boggarts (D:14)
  2 ball lightnings (Swamp:2)
  14 foxfires
  17 fungi
  156 plants
198 creatures vanquished.

Grand Total: 759 creatures vanquished

Notes
Turn   | Place    | Note
-------+----------+-------------------------------------------
     0 | D:1      | WillGOAT the Minotaur Berserker began the quest for the
                  | Orb.
     0 | D:1      | Reached XP level 1. HP: 19/19 MP: 0/0
   230 | D:1      | Reached XP level 2. HP: 27/27 MP: 1/1
   490 | D:1      | Reached skill level 4 in Axes
   774 | D:1      | Reached XP level 3. HP: 32/33 MP: 2/2
  1401 | D:2      | Reached XP level 4. HP: 39/40 MP: 3/3
  1438 | D:2      | Reached ** piety under Trog
  1596 | D:2      | Reached skill level 5 in Axes
  1920 | D:2      | Found a faded altar of an unknown god.
  2017 | D:2      | Found Luplonk's Armour Emporium.
  2071 | D:2      | Reached XP level 5. HP: 47/47 MP: 4/4
  2491 | D:3      | Noticed Grinder
  2512 | D:3      | Killed Grinder
  2513 | D:3      | Reached skill level 5 in Fighting
  2513 | D:3      | Reached skill level 6 in Axes
  2513 | D:3      | Reached XP level 6. HP: 56/56 MP: 5/5
  3500 | D:4      | Reached skill level 7 in Axes
  3500 | D:4      | Found a glowing drain.
  3642 | D:4      | Reached skill level 5 in Armour
  3642 | D:4      | Reached XP level 7. HP: 62/62 MP: 6/6
  3985 | D:4      | Reached *** piety under Trog
  4582 | D:5      | Entered Level 5 of the Dungeon
  4804 | D:5      | Reached skill level 8 in Axes
  4902 | D:5      | Found a staircase to the Ecumenical Temple.
  4970 | D:5      | Found a glowing golden altar of the Shining One.
  5225 | D:5      | Reached XP level 8. HP: 71/71 MP: 7/7
  5658 | D:5      | Found a broken altar of Ashenzari.
  5658 | D:5      | Found a snail-covered altar of Cheibriados.
  5658 | D:5      | Found an ancient bone altar of Kikubaaqudgha.
  6003 | D:6      | Reached skill level 9 in Axes
  6588 | D:6      | Reached skill level 10 in Axes
  7344 | D:7      | Reached XP level 9. HP: 81/81 MP: 8/8
  7646 | D:7      | Found a radiant altar of Vehumet.
  7966 | D:7      | Reached skill level 11 in Axes
  8477 | D:7      | Found a sparkling altar of Nemelex Xobeh.
  9372 | D:8      | Reached skill level 12 in Axes
  9400 | D:8      | Found an opulent altar of Gozag.
  9674 | D:8      | Reached **** piety under Trog
  9899 | D:8      | Found a runed translucent door.
  9900 | D:8      | Noticed a sixfirhy
  9984 | D:8      | Killed a sixfirhy
  9985 | D:8      | Reached skill level 1 in Throwing
  9985 | D:8      | Reached XP level 10. HP: 63/91 MP: 9/9
 10254 | D:9      | Found a runed translucent gate.
 10254 | D:9      | Found a runed translucent gate.
 10254 | D:9      | Found a runed translucent gate.
 10255 | D:9      | Noticed hawla's ghost (novice MeFE)
 10790 | D:9      | Reached skill level 13 in Axes
 10928 | D:9      | Reached skill level 10 in Fighting
 10983 | D:9      | Found a hide-covered altar of Uskayaw.
 11304 | D:9      | Found a staircase to the Lair.
 11603 | D:9      | Killed hawla's ghost
 11604 | D:9      | Reached skill level 5 in Dodging
 11604 | D:9      | Reached XP level 11. HP: 101/101 MP: 8/10
 11707 | Lair:1   | Entered Level 1 of the Lair of Beasts
 11735 | Lair:1   | Reached skill level 10 in Armour
 11975 | Lair:1   | Reached skill level 14 in Axes
 12455 | Lair:1   | Noticed a death yak
 12455 | Lair:1   | Noticed a death yak
 12455 | Lair:1   | Noticed a death yak
 12490 | Lair:1   | Gained mutation: You are frail. (-10% HP) [potion of
                  | mutation]
 12490 | Lair:1   | Gained mutation: Your natural rate of healing is unusually
                  | fast. [potion of mutation]
 12497 | Lair:1   | Killed a death yak
 12508 | Lair:1   | Killed a death yak
 12508 | Lair:1   | Killed a death yak
 12568 | Lair:1   | Lost mutation: You are frail. (-10% HP) [potion of
                  | mutation]
 12568 | Lair:1   | Lost mutation: Your natural rate of healing is unusually
                  | fast. [potion of mutation]
 12568 | Lair:1   | Gained mutation: Your muscles are strong. (Str +4, Int/Dex
                  | -1) [potion of mutation]
 12568 | Lair:1   | Gained mutation: You passively map a small area around you.
                  | [potion of mutation]
 12713 | Lair:1   | Noticed a death yak
 12732 | Lair:1   | Noticed a death yak
 12734 | Lair:1   | Killed a death yak
 12735 | Lair:1   | Reached skill level 15 in Axes
 12735 | Lair:1   | Reached skill level 5 in Throwing
 12750 | Lair:1   | Killed a death yak
 12866 | Lair:1   | Found a runed translucent door.
 12967 | Lair:1   | Noticed BillyBaka's ghost (journeyman MiGl)
 13598 | Lair:1   | Reached XP level 12. HP: 72/110 MP: 7/11
 13980 | Lair:1   | Killed BillyBaka's ghost
 14218 | Lair:2   | You are sucked into a shaft and drop 1 floor!
 14382 | Lair:3   | Noticed Snorg
 14403 | Lair:3   | Killed Snorg
 15040 | Lair:2   | Noticed an eight-headed hydra
 15072 | Lair:2   | Killed a 14-headed hydra
 15073 | Lair:2   | Reached skill level 16 in Axes
 15278 | Lair:2   | Found a staircase to the Swamp.
 16117 | Lair:3   | Found a staircase to the Snake Pit.
 16542 | Lair:4   | Noticed a boulder beetle
 16555 | Lair:4   | Killed a boulder beetle
 16780 | Lair:4   | Noticed a death yak
 16790 | Lair:4   | Killed a death yak
 16810 | Lair:4   | Identified the ring of Eternal Harmony {Fly Stlth+}
 17060 | Lair:4   | Noticed a boulder beetle
 17078 | Lair:4   | Killed a boulder beetle
 17246 | Lair:4   | Reached XP level 13. HP: 97/119 MP: 12/12
 17497 | Lair:4   | Reached skill level 17 in Axes
 18005 | Lair:5   | Entered Level 5 of the Lair of Beasts
 18276 | Lair:5   | Identified the +1 robe of a bazaar {Str+2 Stlth+}
 18653 | Lair:5   | Reached skill level 18 in Axes
 18721 | Lair:5   | Found a staircase to the Slime Pits.
 18967 | Lair:5   | Noticed a dire elephant
 18987 | Lair:5   | Killed a dire elephant
 19119 | Lair:5   | Reached XP level 14. HP: 126/129 MP: 13/13
 19588 | D:10     | Entered Level 10 of the Dungeon
 19705 | D:10     | Reached ***** piety under Trog
 20415 | D:10     | Reached skill level 10 in Dodging
 20951 | D:12     | You are sucked into a shaft and drop 1 floor!
 21472 | D:13     | Found a gate to the Vaults.
 21827 | D:12     | Lost mutation: Your muscles are strong. (Str +4, Int/Dex
                  | -1) [potion of mutation]
 21827 | D:12     | Lost mutation: You passively map a small area around you.
                  | [potion of mutation]
 21827 | D:12     | Gained mutation: You are strong-willed. (Will+) [potion of
                  | mutation]
 21827 | D:12     | Lost intelligence.
 21827 | D:12     | Gained mutation: You are dopey. (Int -2) [potion of
                  | mutation]
 21830 | D:12     | Lost mutation: You are strong-willed. (Will+) [potion of
                  | mutation]
 21830 | D:12     | Lost mutation: You are dopey. (Int -2) [potion of mutation]
 21830 | D:12     | Gained mutation: Your mind is acute. (Int +4, Str/Dex -1)
                  | [potion of mutation]
 21831 | D:12     | Lost mutation: Your mind is acute. (Int +4, Str/Dex -1)
                  | [potion of mutation]
 21831 | D:12     | Gained mutation: Your flesh is heat resistant. (rF+)
                  | [potion of mutation]
 21831 | D:12     | Gained mutation: You sometimes lose your temper in combat.
                  | [potion of mutation]
 21831 | D:12     | Gained mutation: You have a pair of large horns on your
                  | head. [potion of mutation]
 22558 | D:13     | Identified the +10 long sword of Quick Death {freeze, Str+6
                  | Stlth+}
 23038 | D:14     | HP: 3/133 [centaur warrior/arrow[a boggart] (18)]
 23245 | D:14     | Reached skill level 1 in Long Blades
 23415 | D:14     | Found Esisygh's General Store.
 23417 | D:14     | Found Oteitomessi's Specific Store.
 23472 | D:14     | Noticed Josephine
 23482 | D:14     | Killed Josephine
 23505 | D:14     | Found a stormy altar of Qazlal.
 24000 | D:15     | Entered Level 15 of the Dungeon
 24009 | D:15     | Reached skill level 10 in Throwing
 24758 | D:15     | Reached XP level 15. HP: 139/139 MP: 14/14
 24862 | D:15     | Reached skill level 15 in Armour
 24911 | D:15     | Reached skill level 15 in Fighting
 24934 | D:15     | Reached skill level 5 in Long Blades
 25028 | D:15     | Found a staircase to the Depths.
 25744 | Swamp:1  | Entered Level 1 of the Swamp
 26147 | Swamp:1  | Noticed a thorn hunter
 26157 | Swamp:1  | Killed a thorn hunter
 26276 | Swamp:1  | Received a gift from Trog
 27324 | Swamp:2  | Found a runed translucent door.
 27717 | Swamp:2  | Paralysed by you for 4 turns
 28849 | Swamp:4  | Entered Level 4 of the Swamp
 29005 | Swamp:4  | HP: 7/143 [spriggan druid/angry trees (13)]
 29005 | Swamp:4  | HP: 3/143 [five-headed hydra[a spriggan druid] (4)]
 29005 | Swamp:4  | Mangled by a five-headed hydra

Illustrated notes

Levels and vault maps discovered:
D:1:      psy_arrival_spokes, layout_loops_ring
D:2:      layout_basic, serial_shops, shop, chequers_ecumenical_altar_grove,
          kennysheep_generic_room_3
D:3:      layout_loops_ring, uniq_grinder
D:4:      layout_basic, cheibrodos_sewer_entry_sluice
D:5:      layout_loops_corners, gammafunk_temple_overflow_claw,
          mainiacjoe_overflow_cross_hatched, minmay_temple_entry_waves,
          kennysheep_windowed_goal
D:6:      layout_basic
D:7:      layout_layer_cave, kennysheep_mini_moat, nicolae_vehumet_radiance,
          kennysheep_generic_room_8
D:8:      cheibrodos_shockbox, layout_basic, lemuel_crystal_altar
D:9:      layout_basic, old_standard_altar, grunt_lair_entry_orc_guard_hut,
          ebering_ghost_rock_garden, minivault_16
D:10:     layout_gridville, grunt_ogre_cave
D:11:     minmay_diamond_stairs, layout_rooms, orc_david_3, serial_shops, shop,
          nrook_loot_triangle, hangedman_decor_peaks_small,
          nicolae_blasting_shop, minmay_checkerbox, uniq_nergalle
D:12:     layout_long_grid
D:13:     kennysheep_room_grid, layout_basic, lightli_vaults_fourway_checkpoint,
          serial_curves, eino_curves_01, eino_curves_01
D:14:     layout_basic, kennysheep_donut, nicolae_specific_store,
          nicolae_qazlal_general_emergency, uniq_josephine
D:15:     hangedman_depths_entry_civil_slaughter, layout_loops_ring,
          minivault_14
Lair:1:   layout_cave_pods, ebering_ghost_reflecting_pool, grunt_megastairs_2,
          serial_bayou_shore_a
Lair:2:   layout_cave_pods, minmay_swamp_entry_reptiles,
          portal_ice_cave_entry_pillars_2, wad_woods_river_03,
          chequers_serial_rivers_micro_b, minmay_holes
Lair:3:   layout_gridlike, guppyfry_snake_entry_island, grunt_megastairs_4,
          infiniplex_staircase_pool, uniq_snorg
Lair:4:   nzn_winding_woodlands_cross [nzn_winding_woodlands_5x15_parted,
          nzn_winding_woodlands_5x15_river_crossing,
          nzn_winding_woodlands_5x15_longhouse,
          nzn_winding_woodlands_5x15_split_checker,
          nzn_winding_woodlands_15x15_five_gardens], layout_small_grid,
          serial_bayou, serial_bayou_crossing, serial_bayou_pond_c,
          serial_bayou_pond_c, serial_bayou_pond_c, serial_bayou_lagoon_a,
          serial_bayou_pond_c, chequers_serial_rivers_micro_a,
          beast_lair_carwin_1
Lair:5:   grunt_lair_end_beastmaster, layout_hall_layers, slime_entry_1,
          infiniplex_staircase_pool_2, lemuel_fruit_tree, lemuel_fruit_fields
Swamp:1:  layout_basic_swamp, evilmike_swamp_ruin_rubble_1
Swamp:2:  gammafunk_mikee_crab_dinner, layout_falls_marsh,
          evilmike_swamp_ruin_rubble_2, swamp_pool1, hangedman_swamp_phenomena
Swamp:3:  layout_falls_marsh, serial_swamp_ruin, evilmike_swamp_ruin_wall,
          evilmike_swamp_ruin_house_5, evilmike_swamp_ruin_house_1
Swamp:4:  swamp_fiery, layout_basic_swamp, swamp_pool2,
          cheibrodos_swamp_witchery

Skill      XL: |  1  2  3  4  5  6  7  8  9 10 11 12 13 14 15 |
---------------+----------------------------------------------+-----
Axes           | 4 5 6 7 8 10 12 13 15 16 18 | 18.0
Fighting       | 4 5 6 7 9 10 11 12 13 14 15 | 15.8
Armour         | 3 4 5 6 7 9 11 12 13 14 15 | 15.9
Throwing       | 1 3 5 7 8 10 11 | 11.1
Dodging        | 3 5 6 8 9 11 12 | 12.3
Long Blades    | 3 9 |  9.1

Action                   |  1- 3 |  4- 6 |  7- 9 | 10-12 | 13-15 || total
-------------------------+-------+-------+-------+-------+-------++-------
Melee: Hand axe          |    76 |    27 |     6 |       |       ||   109
       Headbutt          |    19 |    14 |    33 |    67 |   231 ||   364
       Battleaxe         |       |    82 |   171 |       |       ||   253
       War axe           |       |       |    43 |   355 |   627 ||  1025
       Punch             |       |       |     1 |     4 |    15 ||    20
       Broad axe         |       |       |       |       |   301 ||   301
       Long sword        |       |       |       |       |     8 ||     8
Throw: Stone             |       |    24 |    16 |       |       ||    40
       Dart              |       |       |       |     3 |       ||     3
Invok: Berserk           |     1 |     1 |     9 |    17 |    21 ||    49
       Trog's Hand       |       |       |     3 |     1 |       ||     4
       Brothers in Arms  |       |       |       |     1 |     3 ||     4
  Use: Scroll            |     1 |       |       |       |    24 ||    25
       Potion            |       |     2 |     2 |     2 |    17 ||    23
 Stab: Petrified         |       |       |       |       |     5 ||     5
       Distracted        |       |       |       |       |     2 ||     2
       Invisible         |       |       |       |       |     2 ||     2
Armor: Animal skin       |    10 |       |       |       |       ||    10
       Leather armour    |     3 |    26 |    15 |       |       ||    44
       Chain mail        |       |       |   109 |    70 |       ||   179
       Plate armour      |       |       |       |    90 |   751 ||   841
Dodge: Dodged            |    42 |    65 |   114 |   162 |   497 ||   880
